 Dungeon Crawl Stone Soup version 0.17-a0-2069-g0f4ee5b (webtiles) character file.

3371 4thArraOfDagon the Poker (level 10, -9/68 HPs)
             Began as an Octopode Wanderer on Oct 13, 2015.
             Was an Elder of Cheibriados.
             Mangled by a manticore (10 damage)
             ... on level 11 of the Dungeon.
             The game lasted 00:27:27 (4876 turns).

4thArraOfDagon the Poker (Octopode Wanderer)        Turns: 4876, Time: 00:27:27

Health: -9/68      AC:  1    Str: 23      XL:     10   Next: 3%
Magic:  17/23      EV: 17    Int: 27      God:    Cheibriados [****..]
Gold:   462        SH:  0    Dex: 20 (22) Spells: 4 memorised, 4 levels left

rFire  . . .     SeeInvis +     B - +0 halberd
rCold  . . .     Clarity  +     (no shield)
rNeg   . . .     SustAt   .     (helmet restricted)
rPois  +         Gourm    .     s - amulet of clarity
rElec  .         Spirit   .     i - ring of see invisible
rCorr  .         Warding  .     w - ring of flight
rMut   .         Stasis   .     b - ring of poison resistance
MR     .....                    c - +4 ring of dexterity
Stlth  +++.......               K - ring of magical power
                                (no ring)
                                (no ring)
                                (no ring)

@: very slow, not resistant to hostile enchantments, fairly stealthy
A: almost no armour, amphibious, 8 rings, constrict 8, camouflage 1, gelatinous
body 1
a: Bend Time, Temporal Distortion, Slouch, Renounce Religion, Evoke Flight


You were on level 11 of the Dungeon.
You worshipped Cheibriados.
Cheibriados was greatly pleased with you.
You were not hungry.

You visited 2 branches of the dungeon, and saw 12 of its levels.
You also visited: Ossuary.

You collected 462 gold pieces.

Inventory:

Hand Weapons
 y - a +0 trident
 B - a +0 halberd (weapon)
Missiles
 L - 6 javelins (quivered)
Jewellery
 b - a ring of poison resistance (on tentacle)
 c - a +4 ring of dexterity (on tentacle)
 i - a ring of see invisible (left tentacle)
 s - an amulet of clarity (around mantle)
 w - a ring of flight (right tentacle)
 K - a ring of magical power (on tentacle)
 Q - an uncursed ring of ice
Wands
 v - a wand of enslavement (7)
 P - a wand of random effects (15)
 U - a wand of flame (15)
Scrolls
 f - 4 scrolls of enchant weapon
 h - 3 scrolls of teleportation
 k - 6 scrolls of remove curse
 o - 8 scrolls of identify {unknown}
 u - 2 scrolls of magic mapping {unknown}
 x - a scroll of acquirement {unknown}
 D - 2 scrolls of enchant armour {unknown}
 F - 2 scrolls of random uselessness {unknown}
 I - 2 scrolls of fear {unknown}
 M - 2 scrolls of noise {unknown}
 R - a scroll of fog {unknown}
Potions
 e - 3 potions of curing
 g - a potion of might {unknown}
 l - 2 potions of haste {unknown}
 m - 4 potions of brilliance {unknown}
 p - 2 potions of flight {unknown}
 q - a potion of berserk rage {unknown}
 r - 5 potions of resistance {unknown}
 z - a potion of invisibility {unknown}
 A - a potion of mutation {unknown}
 C - 2 potions of degeneration {unknown}
 E - 2 potions of heal wounds {unknown}
 O - a potion of poison {unknown}
Books
 n - a book of Alchemy

   Spells                             Type                      Level
   a - Sublimation of Blood           Necromancy                   2
   b - Ignite Poison                  Fire/Transmutation/Poison    3
   c - Alistair's Intoxication        Transmutation/Poison         4
   d - Condensation Shield            Ice                          4
   e - Petrify                        Transmutation/Earth          4
   f - Irradiate                      Conjuration/Transmutation    5
 H - a book of Death

   Spells                             Type                      Level
   a - Corpse Rot                     Necromancy                   2
   b - Sublimation of Blood           Necromancy                   2
   c - Agony                          Necromancy                   5
   d - Dispel Undead                  Necromancy                   5
   e - Excruciating Wounds            Charms/Necromancy            5
   f - Bolt of Draining               Conjuration/Necromancy       5
 J - a book of Spatial Translocations

   Spells                             Type                      Level
   a - Apportation                    Translocation                1
   b - Blink                          Translocation                2
   c - Shroud of Golubria             Charms/Translocation         2
   d - Portal Projectile              Translocation                3
   e - Teleport Other                 Translocation                3
   f - Passage of Golubria            Translocation                4
Miscellaneous
 T - a lamp of fire
Comestibles
 a - 3 fruits
 d - 4 bread rations
 j - 5 meat rations
 t - a beef jerky
 G - a slice of pizza
 S - 5 mutagenic chunks of flesh


   Skills:
 + Level 6.0 Fighting
   Level 2.0 Short Blades
 * Level 7.9 Polearms
 - Level 1.0 Throwing
 + Level 6.4 Dodging
   Level 1.0 Shields
 - Level 3.0 Spellcasting
 - Level 4.4 Translocations
 - Level 2.0 Ice Magic
 + Level 5.0 Invocations


You had 4 spell levels left.
You knew the following spells:

 Your Spells              Type           Power        Failure   Level  Hunger
a - Blink                 Tloc           N/A          1%          2    #......
b - Apportation           Tloc           ####......   1%          1    None
c - Passage of Golubria   Tloc           N/A          17%         4    ####...
d - Condensation Shield   Ice            ##........   41%         4    ####...


Dungeon Overview and Level Annotations

Branches:
Dungeon (11/15)            Temple (1/1) D:7            Lair (0/8) D:8
    Orc: D:9-12

Altars:
Ashenzari
Cheibriados
Dithmenos
Fedhas
Gozag
Kikubaaqudgha
Makhleb
Nemelex Xobeh
Okawaru
Qazlal
Ru
Sif Muna
Trog
Vehumet
Xom
Zin
The Shining One

Shops:
D:7 [   D:10 (

Annotations:
D:3 Protee's ghost, amateur DsTm
D:6 Eustachio; Menkaure
D:7 4thArraOfDagon's ghost, amateur TeGl


Innate Abilities, Weirdness & Mutations

You cannot wear most types of armour.
You are amphibious.
You can wear up to eight rings at the same time.
You can use your tentacles to constrict eight enemies at once.
Your skin changes colour to match your surroundings (Stealth).
Your rubbery body absorbs attacks (AC +1).


Message History

Use which ability?
The flow of time bends around you.
The manticore resists with some effort.
You feel slightly more hungry. The manticore completely misses you.
The manticore barely misses you. The manticore claws you!
Unknown command.
Use which ability?
The flow of time bends around you.
Cheibriados rebukes the manticore.
The manticore seems to slow down.
You feel slightly more hungry.
Cheibriados reduces the support of your attributes as your movement quickens.
The manticore closely misses you. The manticore misses you.
The manticore claws you!
You puncture the manticore! You squeeze the manticore!
The manticore is heavily wounded.
The manticore bites you!
* * * LOW HITPOINT WARNING * * *
The manticore claws you!
* * * LOW HITPOINT WARNING * * *
The manticore claws you!
You die...

#.. ### #...
#.###...
#.#.....
##....#
#.H..###.#
#@.......#
#..####..
#..<#
#........#
#.##.......#
## #..###.%.
##.. #. ...
...#


You could see a manticore.

Vanquished Creatures
  A yak (D:8)
  A wolf (D:8)
  2 sky beasts
  3 black bears
  A centaur (D:9)
  3 ogres
  3 ice beasts
  A brain worm (D:10)
  2 giant frogs
  2 scorpions
  A wyvern skeleton (D:9)
  7 wights
  A quasit (D:9)
  4 crimson imps
  5 hounds
  A giant frog zombie (D:7)
  3 jellies
  2 orc priests
  3 orc wizards
  14 worker ants
  A hound zombie (D:9)
  2 hound skeletons
  12 mummies (Ossuary)
  10 adders
  7 gnolls (D:3)
  A worker ant zombie (D:10)
  An ooze (D:4)
  A worm (D:2)
  4 giant geckos
  16 orcs
  3 giant cockroaches
  5 goblins
  4 hobgoblins
  12 jackals
  8 kobolds
  3 quokkas
  3 ball pythons
  5 bats
  A giant cockroach zombie (D:6)
  A giant gecko skeleton (D:4)
  6 giant newts
  4 gnoll skeletons (Ossuary)
  2 goblin skeletons (Ossuary)
  A jackal zombie (D:5)
  A kobold skeleton (Ossuary)
  A rat (D:1)
  11 rat skeletons (Ossuary)
186 creatures vanquished.

Vanquished Creatures (others)
  An orc skeleton (Ossuary)
1 creature vanquished.

Grand Total: 187 creatures vanquished

Notes
Turn   | Place    | Note
--------------------------------------------------------------
     0 | D:1      | 4thArraOfDagon the Octopode Wanderer began the quest for the Orb.
     0 | D:1      | 4thArraOfDagon set off with: a book of Frost, a +0 spear, a potion of lignification, a bread ration
     0 | D:1      | Reached XP level 1. HP: 14/14 MP: 2/2
   105 | D:2      | Reached XP level 2. HP: 16/20 MP: 3/3
   108 | D:2      | Learned a level 1 spell: Freeze
   132 | D:2      | Found a burning altar of Makhleb.
   337 | D:3      | Noticed an ogre
   374 | D:3      | Found a sparkling altar of Nemelex Xobeh.
   395 | D:3      | :(
   413 | D:3      | Noticed Protee's ghost (amateur DsTm)
   432 | D:4      | Reached XP level 3. HP: 16/25 MP: 4/4
   462 | D:5      | Entered Level 5 of the Dungeon
   543 | D:5      | Found a sand-covered staircase.
   551 | Ossuary  | Entered an ossuary
   579 | Ossuary  | Reached skill level 3 in Fighting
   613 | Ossuary  | Reached XP level 4. HP: 9/31 MP: 5/5
   763 | Ossuary  | Reached skill level 1 in Polearms
   850 | Ossuary  | Reached XP level 5. HP: 20/36 MP: 6/6
  1452 | D:6      | Reached XP level 6. HP: 36/42 MP: 7/7
  1543 | D:6      | Noticed Eustachio
  1568 | D:6      | You fall through a shaft!
  1578 | D:7      | Noticed a wraith
  1729 | D:6      | Reached skill level 4 in Polearms
  1773 | D:6      | Noticed Menkaure
  1836 | D:6      | Noticed an ogre
  1853 | D:7      | Noticed a hungry ghost
  1899 | D:7      | Found a staircase to the Ecumenical Temple.
  1948 | Temple   | Entered the Ecumenical Temple
  1989 | Temple   | Became a worshipper of Cheibriados the Contemplative
  2015 | D:7      | Reached XP level 7. HP: 37/46 MP: 8/8
  2020 | D:7      | upgrade
  2149 | D:3      | upagde
  2210 | D:3      | Reached skill level 1 in Invocations
  2217 | D:3      | Noticed a sky beast
  2322 | D:2      | Reached * piety under Cheibriados
  2395 | D:2      | Found a blossoming altar of Fedhas.
  2561 | D:1      | You fall through a shaft!
  2627 | D:2      | You fall through a shaft for 2 floors!
  2652 | D:4      | Noticed a scorpion
  2660 | D:4      | Killed a scorpion
  2660 | D:4      | Reached skill level 5 in Polearms
  2771 | D:4      | Noticed an ogre
  2779 | D:4      | Killed an ogre
  2876 | D:3      | Reached ** piety under Cheibriados
  2922 | D:3      | Learned a level 1 spell: Apportation
  2927 | D:3      | Learned a level 4 spell: Passage of Golubria
  2931 | D:3      | Learned a level 2 spell: Blink
  3123 | D:7      | Found Ifoeg's Antique Armour Emporium.
  3124 | D:7      | Noticed 4thArraOfDagon's ghost (amateur TeGl)
  3127 | D:6      | Found a snail-covered altar of Cheibriados.
  3135 | D:6      | Reached skill level 1 in Translocations
  3135 | D:6      | Reached XP level 8. HP: 37/54 MP: 9/9
  3323 | D:5      | Noticed an ogre
  3328 | D:5      | Killed an ogre
  3448 | D:6      | Killed an ogre
  3448 | D:6      | Reached skill level 5 in Dodging
  3463 | D:6      | Noticed a black bear
  3467 | D:6      | Killed a black bear
  3490 | D:8      | Found a sacrificial altar of Ru.
  3492 | D:8      | Found an ancient bone altar of Kikubaaqudgha.
  3494 | D:8      | Found a staircase to the Lair.
  3504 | D:8      | Reached skill level 6 in Polearms
  3689 | D:8      | Found a stormy altar of Qazlal.
  3694 | D:8      | Noticed a troll
  3735 | D:7      | Reached XP level 9. HP: 22/59 MP: 12/12
  4017 | D:7      | Reached *** piety under Cheibriados
  4140 | D:9      | Reached skill level 5 in Fighting
  4234 | D:9      | Reached skill level 7 in Polearms
  4389 | D:9      | Learned a level 4 spell: Condensation Shield
  4418 | D:9      | Reached **** piety under Cheibriados
  4476 | D:10     | Entered Level 10 of the Dungeon
  4698 | D:10     | Noticed a hill giant
  4759 | D:10     | Reached skill level 5 in Invocations
  4759 | D:10     | Reached XP level 10. HP: 54/68 MP: 14/14
  4824 | D:10     | Found Maisk's Antique Weapon Shop.
  4828 | D:10     | :win
  4870 | D:11     | Noticed a manticore
  4876 | D:11     | HP: 1/68 [manticore (12)]
  4876 | D:11     | Mangled by a manticore

Vault maps used:
D:1:      dpeg_arrival_rooms_with_view, serial_forest, infiniplex_forest_end_1,
          infiniplex_forest_straight_4, infiniplex_forest_straight_2,
          infiniplex_forest_clump_C
D:2:      fedhas_altar_1, lemuel_coloured_pillars_altar
D:3:      nemelex_xobeh_ov_fountains_minmay
D:4:      first_bread
D:5:      kennysheep_six_static_rooms, lemuel_zombie_altar_yredelemnul,
          nicolae_ossuary_entry_ruins, elyvilon_altar_5
D:6:      hangedman_decor_peaks_small, cheibriados_altar_1, uniq_eustachio,
          uniq_menkaure
D:7:      temple_fountains, serial_shops, kennysheep_little_box,
          lemuel_mausoleum_altar_yredelemnul
D:8:      grunt_temple_overflow_open, overflow_temple_1_default, lair_0_dummy,
          serial_ice, serial_ice_n, serial_ice_e, serial_ice_c, serial_ice_g,
          serial_ice_m, serial_ice_o, special_room
D:9:      grunt_livestock, zaba_antful_of_joy
D:10:     orc_0_dummy, serial_shops, nicolae_shop_behind_doors
D:11:     serial_shops, shop
Temple:   eino_temple_water_12
Ossuary:  ossuary_due_small_catacomb

Action                   |  1- 3 |  4- 6 |  7- 9 | 10-12 || total
-------------------------+-------+-------+-------+-------++-------
Melee: Spear             |    90 |   220 |       |       ||   310
       Halberd           |       |       |   290 |     7 ||   297
       Trident           |       |       |     8 |       ||     8
Throw: Throwing net      |       |       |     3 |       ||     3
       Javelin           |       |       |     2 |       ||     2
Invok: Bend Time         |       |       |       |     2 ||     2
Evoke: Wand              |       |       |     1 |       ||     1
  Use: Scroll            |     3 |     1 |     6 |       ||    10
       Potion            |       |     1 |     4 |       ||     5
 Stab: Sleeping          |     5 |     9 |    13 |     2 ||    29
       Held in net/web   |       |       |     1 |       ||     1
  Eat: Bread ration      |       |     1 |       |       ||     1
       Chunk             |       |       |     5 |       ||     5
       Fruit             |       |       |     1 |       ||     1
